 Dungeon Crawl Stone Soup version 0.29.1-15-g9cfb28693d (webtiles) character file.

Game seed: 6305764878486314715

23 M4edhros the Slasher (level 2, -5/21 HPs)
             Began as an Octopode Chaos Knight on Mar 2, 2023.
             Was a Plaything of Xom.
             Slain by an iron imp (9 damage)
             ... summoned by Xom
             ... on level 1 of the Dungeon.
             The game lasted 00:02:04 (4335 turns).

M4edhros the Slasher (Octopode Chaos Knight)        Turns: 4335, Time: 00:02:04

Health: -5/21      AC:  1    Str: 11    XL:     2   Next: 95%
Magic:  2/2        EV: 13    Int: 14    God:    Xom [*.....]
Gold:   74         SH:  5    Dex: 11    Spells: 1/1 levels left

rFire   . . .      SeeInvis +   a - +0 falchion (chaos)
rCold   . . .      Faith    .   (no shield)
rNeg    . . .      Spirit   .   (helmet restricted)
rPois   +          Reflect  +   m - amulet of reflection
rElec   +          Harm     .   f - ring of see invisible
rCorr   .          Rampage  .   (no ring)
Will    .....                   (no ring)
Stlth   ++........              (no ring)
HPRegen 0.07/turn               (no ring)
MPRegen 0.08/turn               (no ring)
                                (no ring)
                                (no ring)

@: unable to drink
A: almost no armour, amphibious, 8 rings, camouflage 1, gelatinous body 1,
(nimble swimmer 1), tentacles, tentacle spike 1, poison resistance, electricity
resistance, wild magic 1, inability to drink after injury 2
a: Renounce Religion


You were on level 1 of the Dungeon.
You worshipped Xom.
You were a special plaything of Xom.
You visited 1 branch of the dungeon, and saw 2 of its levels.

You collected 74 gold pieces.

Inventory:

Hand Weapons
 a - a +0 falchion of chaos (weapon)
Jewellery
 f - a ring of see invisible (left tentacle)
 m - an amulet of reflection (around mantle)
Scrolls
 d - a scroll of fear {unknown}
 g - a scroll of magic mapping {unknown}
 i - a scroll of poison {unknown}
 j - a scroll of teleportation
 k - a scroll of noise {unknown}
 l - 4 scrolls of identify {unknown}
 o - a scroll of immolation {unknown}
 p - a scroll of enchant weapon {unknown}
Potions
 c - a potion of berserk rage {unknown}
 e - a potion of haste {unknown}
 h - 2 potions of brilliance {unknown}
 n - a potion of might {unknown}
Miscellaneous
 b - a piece from Xom's chessboard (15/15) (quivered)


   Skills:
 + Level 3.3 Fighting
 + Level 3.3 Long Blades
 + Level 2.8 Dodging


You had one spell level left.
You didn't know any spells.
Your spell library was empty.

Dungeon Overview and Level Annotations

Branches:
Dungeon (2/15)

Altars:

Shops:
D:1 (


Innate Abilities, Weirdness & Mutations

You cannot wear most types of armour.
You are amphibious.
You can wear up to eight rings at the same time.
Your skin changes colour to match your surroundings (Stealth+).
Your rubbery body absorbs attacks. (AC +1, EV +1)
((You are camouflaged when in or above water. (Stealth+)))
You have tentacles for arms and can constrict up to eight enemies at once.
One of your tentacles bears a spike.
Your system is resistant to poisons. (rPois)
You are resistant to electric shocks. (rElec)
Your spells are a little harder to cast, but a little more powerful.
You sometimes lose the ability to drink potions when taking damage.


Message History

You start waiting.
Done waiting.
You start waiting. "Let's see if it's strong enough to survive yet."
There are monsters nearby!
Unknown command.
There are monsters nearby!
You hit the iron imp.
The iron imp is poisoned.
You grab the iron imp.
You pierce the iron imp, but do no damage.
The iron imp is lightly wounded.
You constrict the iron imp. The iron imp hits you!
You hit the iron imp but do no damage. You squeeze the iron imp.
The iron imp is moderately wounded.
You constrict the iron imp, but do no damage.
The shadow imp barely misses you. The iron imp barely misses you.
You hit the iron imp but do no damage.
The iron imp is heavily wounded.
You constrict the iron imp. The shadow imp closely misses you.
You hit the iron imp but do no damage.
You pierce the iron imp, but do no damage.
The iron imp is heavily wounded.
You constrict the iron imp, but do no damage.
The iron imp closely misses you. The shadow imp puffs mist at you.
The shadow imp hits you.
You hit the shadow imp.
The shadow imp seems to speed up.
Your grab misses the shadow imp.
You pierce the shadow imp, but do no damage.
Your squeeze misses the shadow imp.
The shadow imp is heavily wounded.
You constrict the iron imp, but do no damage.
The shadow imp hits you.
The iron imp grinds its teeth.
The iron imp hits you.
You feel threatened and lose the ability to drink potions!
* * * LOW HITPOINT WARNING * * *
You block the shadow imp's attack.
You release your grip on the iron imp.
You block the shadow imp's attack. The iron imp hits you!
You die...

##.#.#.≈≈....<.8..≈≈.......~#8~~#
##.#.#..≈≈....♣..≈≈....#...~####~
##.#..#..≈≈.....≈≈..#..###.~~~~..
##.##..#..≈≈≈≈≈≈≈......# ######..
#.......#.........#..### #.......
#...##...............# ###.####)#
#...###.########'##..###...#.....
##### #.#####...5......#.###.##.#
# #.........@5.....#.# #.##.#
#................#.# #.##..
#......###########.# #.##..
#......# ######.# #.##..
#######......# #......# #.##..
.............# #.########.##..
#######......# #.######.#.##..
#......# #.##.......##.. #......#
#.##.###....#..


You could see an iron imp (summoned, poisoned) and a shadow imp (summoned,
fast).

Vanquished Creatures
  3 bats (D:1)
  2 endoplasms (D:1)
  2 hobgoblins (D:1)
  2 jackals (D:1)
  3 ball pythons (D:1)
  A frilled lizard (D:1)
  4 kobolds (D:1)
  2 rats (D:1)
  A spectral goblin (D:1)
20 creatures vanquished.

Notes
Turn   | Place    | Note
-------+----------+-------------------------------------------
     0 | D:1      | M4edhros the Octopode Chaos Knight began the quest for the
                  | Orb.
     0 | D:1      | Reached XP level 1. HP: 16/16 MP: 1/1
    40 | D:1      | Found a faded altar of an unknown god.
   123 | D:1      | XOM: divination: detect creatures
   202 | D:1      | Reached XP level 2. HP: 21/21 MP: 2/2
   232 | D:1      | Found Bairy's Antique Weapon Emporium.
  1017 | D:1      | XOM: summons 2 hostile shadow creatures
  1032 | D:1      | XOM: give mutation
  1032 | D:1      | Gained mutation: Your system is resistant to poisons.
                  | (rPois) [Xom's grace]
  1114 | D:1      | XOM: cloud trail
  1236 | D:1      | XOM is BORED!
  1236 | D:1      | XOM: summons 1 hostile demon
  1314 | D:1      | XOM: god gift: scroll labelled NEFRAW KESOI {god gift}
  2165 | D:1      | XOM: give mutations
  2165 | D:1      | Gained mutation: You are resistant to electric shocks.
                  | (rElec) [Xom's grace]
  2165 | D:1      | Gained mutation: One of your tentacles bears a spike.
                  | [Xom's grace]
  2165 | D:1      | Gained mutation: You are partially covered in iridescent
                  | scales. (AC +2) [Xom's grace]
  2165 | D:1      | Gained mutation: Your mind is acute. (Int +4, Str/Dex -1)
                  | [Xom's grace]
  2538 | D:1      | XOM: god gift: scroll labelled JAX IDAURO {god gift}
  2564 | D:1      | XOM is BORED!
  2564 | D:1      | XOM: summons 2 hostile demons
  2722 | D:1      | XOM: torment (12/21 hp)
  2925 | D:1      | XOM: cloud trail
  2930 | D:1      | XOM: noise
  3522 | D:1      | XOM: silly message
  3741 | D:1      | XOM: give mutations
  3741 | D:1      | Lost mutation: You are partially covered in iridescent
                  | scales. (AC +2) [Xom's mischief]
  3741 | D:1      | Gained mutation: Your muscles are strong. (Str +4, Int/Dex
                  | -1) [Xom's mischief]
  3741 | D:1      | Lost mutation: Your mind is acute. (Int +4, Str/Dex -1)
                  | [Xom's mischief]
  4214 | D:1      | XOM: give mutations
  4214 | D:1      | Lost mutation: Your muscles are strong. (Str +4, Int/Dex
                  | -1) [Xom's mischief]
  4214 | D:1      | Gained mutation: You occasionally lose the ability to drink
                  | potions when taking damage. [Xom's mischief]
  4214 | D:1      | Gained mutation: You sometimes lose the ability to drink
                  | potions when taking damage. [Xom's mischief]
  4214 | D:1      | Gained mutation: Your spells are a little harder to cast,
                  | but a little more powerful. [Xom's mischief]
  4329 | D:1      | XOM: summons 2 hostile demons
  4335 | D:1      | Slain by an iron imp

Illustrated notes

Levels and vault maps discovered:
D:1:      moated_graveyard_arrival, layout_basic,
          dreamdust_ecumenical_altar_drowned_temple, serial_shops,
          shop_fountains
D:2:      layout_loops_cross, minmay_pentomino_p4

Action                   || total
-------------------------++-------
Melee: Falchion          ||    38
       Tentacles         ||     9
       Constrict         ||     5
       Kick              ||     3
  Use: Scroll            ||     2
 Stab: Sleeping          ||     7
Armor: Skin              ||     3
Dodge: Dodged            ||    31
Block: Other             ||     6
